[Event "December 19 Late 2023"]
[Site "https://www.chess.com"]
[Date "2023.12.19"]
[Round "2"]
[White "Boyer, Mahel"]
[Black "Nery Junior, Jose Antonio"]
[Result "1-0"]
[Board "113"]
[TimeControl "180+1"]
[WhiteFideId "45102422"]
[BlackFideId "2104822"]
[WhiteElo "2449"]
[BlackElo "2197"]
[WhiteTeam "FRA"]
[BlackTeam "BRA"]
[WhiteClock "0:00:18"]
[BlackClock "0:00:00"]

1. e4 c5 2. d3 d5 3. g3 dxe4 4. dxe4 Qxd1+ 5. Kxd1 Nc6 6. c3 Bg4+ 7. f3 O-O-O+ 8. Kc2 Bd7 9. Be3 e5 10. Nd2 Kc7 11. a4 Na5 12. Nc4 Nxc4 13. Bxc4 f5 14. Nh3 h6 15. Nf2 Nf6 16. Rhd1 Bd6 17. exf5 Bxf5+ 18. Bd3 Be6 19. c4 Rhf8 20. Ne4 Nxe4 21. Bxe4 Bxc4 22. Rac1 Be2 23. Rd5 b6 24. b4 Bxf3 25. Kd3 Bg4 26. bxc5 Bxc5 27. Bxc5 Rxd5+ 28. Bxd5 bxc5 29. Rxc5+ Kd6 30. Ra5 Rf2 31. h4 Bc8 32. Ke3 Rb2 33. Be4 Rb3+ 34. Kf2 Rb4 35. Bg2 a6 36. Rd5+ Ke6 37. Rc5 Bd7 38. a5 Bb5 39. Rc7 g5 40. h5 Rb2+ 41. Kg1 Kf5 42. Bh3+ Ke4 43. Rf7 Ke3 44. Rf6 e4 45. Bg2 Rb1+ 46. Kh2 Rb2 47. Kg1 Rb1+ 48. Kh2 Rb2 49. Kh3 Bd7+ 50. g4 Bxg4+ 51. Kg3 Bxh5 52. Rxa6 Bf3 53. Bf1 h5 54. Rg6 h4+ 55. Kh3 Kf4 56. Rf6+ Ke5 57. Rb6 Ra2 58. a6 Kf4 59. Rf6+ Ke5 60. Rf7 Rf2 61. a7 g4+ 62. Kxh4 Rxf1 63. a8=Q Rh1+ 64. Kg5 1-0

[Event "December 19 Late 2023"]
[Site "https://www.chess.com"]
[Date "2023.12.19"]
[Round "2"]
[White "Gerbelli Neto, Eduardo"]
[Black "Bjelobrk, Igor"]
[Result "0-1"]
[Board "114"]
[TimeControl "180+1"]
[WhiteFideId "2103281"]
[BlackFideId "4300726"]
[WhiteElo "2178"]
[BlackElo "2319"]
[WhiteTeam "BRA"]
[BlackTeam "AUS"]
[WhiteClock "0:00:20"]
[BlackClock "0:02:00"]

1. e4 e6 2. d4 d5 3. Nc3 Bb4 4. Ne2 dxe4 5. a3 Bxc3+ 6. Nxc3 Nc6 7. Bb5 Ne7 8. Bg5 f6 9. Be3 O-O 10. Bxc6 Nxc6 11. Nxe4 f5 12. Nc3 f4 13. d5 fxe3 14. dxc6 Qh4 15. O-O exf2+ 16. Kh1 bxc6 17. Qe2 a5 18. Qe4 Qf6 19. Ne2 Ba6 20. c3 Rad8 0-1

[Event "December 19 Late 2023"]
[Site "https://www.chess.com"]
[Date "2023.12.19"]
[Round "2"]
[White "Manolache, Marius"]
[Black "Chess_Star1234"]
[Result "1-0"]
[Board "115"]
[TimeControl "180+1"]
[WhiteFideId "1201530"]
[WhiteElo "2364"]
[BlackElo "2357"]
[WhiteTeam "ROU"]
[WhiteClock "0:01:05"]
[BlackClock "0:00:04"]

1. d4 d5 2. c4 e6 3. Nc3 Be7 4. Bf4 Nf6 5. e3 O-O 6. Rc1 a6 7. cxd5 exd5 8. Bd3 c6 9. h3 Nbd7 10. Nf3 Re8 11. O-O Nb6 12. Re1 Be6 13. b3 Ba3 14. Rc2 h6 15. Qb1 a5 16. Rce2 Bb4 17. Qb2 Qd7 18. Ne5 Qc8 19. a3 Bf8 20. f3 a4 21. b4 Nfd7 22. Ng4 Bxg4 23. hxg4 Nc4 24. Qc1 b5 25. Bb1 Ndb6 26. Kf2 Ra7 27. Rh1 Rae7 28. g5 Qe6 29. e4 g6 30. gxh6 Qd7 31. e5 Kh7 32. g4 Qe6 33. Nd1 f6 34. Bd3 fxe5 35. Bxe5 Nxe5 36. Rxe5 Qf6 37. g5 Qf7 38. Rxe7 Bxe7 39. Rg1 Nc4 40. Ne3 Bd6 41. Ng4 Bf4 42. Nf6+ Qxf6 43. gxf6 Bxc1 44. Rxc1 Kxh6 45. f4 g5 46. Rh1# 1-0

[Event "December 19 Late 2023"]
[Site "https://www.chess.com"]
[Date "2023.12.19"]
[Round "2"]
[White "Chaika, Vitalii"]
[Black "Hoffmann, Asa"]
[Result "1-0"]
[Board "116"]
[TimeControl "180+1"]
[WhiteFideId "14111802"]
[BlackFideId "2001470"]
[WhiteElo "2010"]
[BlackElo "2117"]
[WhiteTeam "UKR"]
[BlackTeam "USA"]
[WhiteClock "0:01:37"]
[BlackClock "0:01:38"]

1. d4 Nf6 2. Bf4 c5 3. e3 Qb6 4. Nc3 e6 5. a3 cxd4 6. exd4 Nc6 7. Nf3 d5 8. Rb1 Be7 9. Be2 a6 10. O-O O-O 11. b4 Ne4 12. Na4 Qd8 13. Rb3 f5 14. h3 Bf6 15. Nc5 g5 16. Bh2 g4 17. hxg4 fxg4 18. Ne5 Bxe5 19. Bxe5 Nxe5 20. dxe5 Nxc5 21. bxc5 h5 22. Bxg4 hxg4 23. Qxg4+ Kf7 24. Rf3+ Ke7 25. Qg7+ 1-0

[Event "December 19 Late 2023"]
[Site "https://www.chess.com"]
[Date "2023.12.19"]
[Round "2"]
[White "Smith, Garrett L"]
[Black "Perske, Thore"]
[Result "1-0"]
[Board "117"]
[TimeControl "180+1"]
[WhiteFideId "2024829"]
[BlackFideId "12902195"]
[WhiteElo "2354"]
[BlackElo "2336"]
[WhiteTeam "USA"]
[BlackTeam "GER"]
[WhiteClock "0:00:05"]
[BlackClock "0:00:07"]

1. e4 e6 2. d4 d5 3. Nc3 Nf6 4. e5 Nfd7 5. f4 c5 6. Nf3 Nc6 7. Be3 cxd4 8. Nxd4 Qb6 9. Qd2 Qxb2 10. Rb1 Qa3 11. Rb3 Qa5 12. Bb5 Nxd4 13. Bxd4 Bb4 14. a3 Bxa3 15. O-O Be7 16. f5 a6 17. Bxd7+ Bxd7 18. Rxb7 Bc5 19. f6 gxf6 20. Rxf6 Rc8 21. Rf3 Bxd4+ 22. Qxd4 Qc5 23. Qxc5 Rxc5 24. Ra7 a5 25. Na4 Rxc2 26. Nb6 Bc6 27. Rfxf7 Rc1+ 28. Kf2 Rf8 29. Re7+ Kd8 30. Rd7+ Ke8 31. Re7+ Kd8 32. Rd7+ Bxd7 33. Rxf8+ Ke7 34. Rh8 Bb5 35. Rxh7+ Kd8 36. Rh8+ Kc7 37. Na8+ Kb7 38. h4 Rc2+ 39. Kf3 a4 40. h5 a3 41. Nc7 a2 42. Ra8 Rxc7 43. Rxa2 Rc3+ 44. Kg4 Rc4+ 45. Kg5 Re4 46. Rb2 Rxe5+ 47. Kf6 Kc6 48. Kxe5 1-0

[Event "December 19 Late 2023"]
[Site "https://www.chess.com"]
[Date "2023.12.19"]
[Round "2"]
[White "Chlpik, Martin"]
[Black "Melian, Juan Sebastian"]
[Result "0-1"]
[Board "118"]
[TimeControl "180+1"]
[WhiteFideId "14923351"]
[BlackFideId "3706575"]
[WhiteElo "2109"]
[BlackElo "2098"]
[WhiteTeam "SVK"]
[BlackTeam "PAR"]
[WhiteClock "0:00:00"]
[BlackClock "0:00:02"]

1. d4 Nf6 2. Nf3 d5 3. b3 c5 4. e3 Nc6 5. Bb2 Bf5 6. Bb5 e6 7. O-O Bd6 8. dxc5 Bxc5 9. Nd4 Rc8 10. Nxf5 exf5 11. Qf3 O-O 12. Bxc6 Rxc6 13. Qxf5 Ne4 14. Rd1 Rd6 15. Nd2 Re8 16. Nxe4 Rxe4 17. c4 g6 18. Qf3 f5 19. cxd5 Rxd5 20. Rxd5 Qxd5 21. Rd1 Qe6 22. Rd8+ Kf7 23. Qh3 h5 24. Qg3 Be7 25. Rh8 f4 26. Qf3 Qf5 27. Rh7+ Ke8 28. Qd1 fxe3 29. fxe3 Rxe3 30. Rh8+ Kf7 31. Rh7+ Ke6 32. Qc1 Qd3 33. Qc8+ Kd5 34. Qd7+ Kc5 35. Ba3+ Kb6 0-1

[Event "December 19 Late 2023"]
[Site "https://www.chess.com"]
[Date "2023.12.19"]
[Round "2"]
[White "Botez, Alexandra"]
[Black "Mokshanov, Alexey"]
[Result "0-1"]
[Board "119"]
[TimeControl "180+1"]
[WhiteFideId "2603365"]
[BlackFideId "24121657"]
[WhiteElo "2040"]
[BlackElo "2278"]
[WhiteTeam "CAN"]
[BlackTeam "RUS"]
[WhiteClock "0:01:08"]
[BlackClock "0:00:59"]

1. d4 d5 2. Nf3 Nf6 3. g3 Bf5 4. Bg2 c6 5. O-O Nbd7 6. Nbd2 h6 7. c3 e6 8. Re1 Be7 9. Ne5 Nxe5 10. dxe5 Nd7 11. f4 Nc5 12. b4 Ne4 13. Nxe4 Bxe4 14. Bxe4 dxe4 15. e3 Qd3 16. Qxd3 exd3 17. Bd2 O-O-O 18. Kf2 c5 19. c4 cxb4 20. Reb1 a5 21. a3 bxa3 22. Bxa5 Rd7 23. Ke1 Kb8 24. Kd2 Rc8 25. Kc3 d2 26. Rd1 b5 27. Rab1 Rxc4+ 28. Kb3 Rd3+ 29. Ka2 b4 30. Rb3 Rc2+ 31. Kb1 Rc1+ 0-1

[Event "December 19 Late 2023"]
[Site "https://www.chess.com"]
[Date "2023.12.19"]
[Round "2"]
[White "Ardila, Oscar Humberto"]
[Black "Srinath, Rao S.V."]
[Result "0-1"]
[Board "120"]
[TimeControl "180+1"]
[WhiteFideId "4404742"]
[BlackFideId "5028876"]
[WhiteElo "1915"]
[BlackElo "2198"]
[WhiteTeam "COL"]
[BlackTeam "IND"]
[WhiteClock "0:00:58"]
[BlackClock "0:01:37"]

1. d4 c5 2. d5 f5 3. c4 Nf6 4. Nc3 g6 5. Nf3 Bg7 6. g3 O-O 7. Bg2 d6 8. O-O Na6 9. Re1 Nc7 10. e4 fxe4 11. Nxe4 Nxe4 12. Rxe4 Bf5 13. Re1 b5 14. cxb5 Nxb5 15. Qe2 Nd4 16. Nxd4 Bxd4 17. Bh6 Rf7 18. Rad1 Rb8 19. b3 Qa5 20. h4 Bd7 21. h5 Bxf2+ 22. Kh2 Bxe1 23. Rxe1 Qc3 24. Bf4 Qf6 25. Rf1 Bb5 26. Qe1 Bxf1 27. Qxf1 g5 28. Qe2 gxf4 29. Qg4+ Rg7 30. Qd7 fxg3+ 31. Kh3 Qg5 32. Qe6+ Kh8 0-1

[Event "December 19 Late 2023"]
[Site "https://www.chess.com"]
[Date "2023.12.19"]
[Round "2"]
[White "Diaz, Fernando"]
[Black "Maltsevskaya, Aleksandra"]
[Result "1-0"]
[Board "121"]
[TimeControl "180+1"]
[WhiteFideId "3701255"]
[BlackFideId "24174041"]
[WhiteElo "2020"]
[BlackElo "2296"]
[WhiteTeam "PAR"]
[BlackTeam "POL"]
[WhiteClock "0:00:15"]
[BlackClock "0:00:00"]

1. e4 c6 2. d4 d5 3. exd5 cxd5 4. Bd3 Nc6 5. c3 Qc7 6. Nf3 Bg4 7. Bg5 e6 8. Nbd2 Bd6 9. Bh4 f5 10. Bg3 Nf6 11. Bxd6 Qxd6 12. h3 Bxf3 13. Nxf3 Ne4 14. Qe2 O-O 15. O-O-O Rac8 16. Kb1 b5 17. Bxb5 Rb8 18. Ka1 Na5 19. Ne5 Rfc8 20. g4 Nxc3 21. bxc3 Qa3 22. Rb1 Rxc3 23. Nd7 Nc4 24. Rbe1 Kh8 25. Rb1 Rb7 26. Bxc4 1-0

[Event "December 19 Late 2023"]
[Site "https://www.chess.com"]
[Date "2023.12.19"]
[Round "2"]
[White "Korol, Dimitry"]
[Black "Wang, Jalen"]
[Result "1-0"]
[Board "122"]
[TimeControl "180+1"]
[WhiteFideId "14108003"]
[BlackFideId "2078058"]
[WhiteElo "2262"]
[BlackElo "2150"]
[WhiteTeam "UKR"]
[BlackTeam "USA"]
[WhiteClock "0:00:10"]
[BlackClock "0:00:59"]

1. d4 d5 2. c4 e6 3. Nc3 Nf6 4. Bg5 Nbd7 5. cxd5 exd5 6. e3 Bb4 7. Bd3 c5 8. Nf3 Qa5 9. Qc2 c4 10. Bf5 O-O 11. O-O Re8 12. Nd2 Bxc3 13. bxc3 Qa6 14. Rae1 Nf8 15. Bxc8 Raxc8 16. f3 N6d7 17. e4 Qg6 18. Bh4 Ne6 19. Bg3 Nf6 20. Qb1 b6 21. f4 Qh6 22. e5 Nh5 23. Qf5 Nxg3 24. hxg3 Qg6 25. Qxg6 hxg6 26. f5 gxf5 27. Rxf5 b5 28. Ref1 Re7 29. Rb1 Rb7 30. a3 a5 31. Rf2 b4 32. axb4 axb4 33. cxb4 Nxd4 34. Nf3 Nxf3+ 35. gxf3 c3 36. Kf1 d4 37. Ke2 Rc4 38. Kd3 Rcxb4 39. Rxb4 Rxb4 40. f4 g6 41. g4 Kf8 42. f5 Ke7 43. Re2 gxf5 44. gxf5 f6 45. e6 Ra4 46. Rg2 Ra5 47. Rg7+ Ke8 48. Rg8+ Ke7 49. Rg7+ Kd8 50. Rg8+ Kc7 51. e7 c2 52. Kxc2 Rxf5 53. e8=Q Rd5 54. Kd3 Rd7 55. Qc8+ Kd6 56. Rd8 1-0

[Event "December 19 Late 2023"]
[Site "https://www.chess.com"]
[Date "2023.12.19"]
[Round "2"]
[White "Fitol, Szymon"]
[Black "Cobysters"]
[Result "0-1"]
[Board "123"]
[TimeControl "180+1"]
[WhiteFideId "41857038"]
[WhiteElo "2339"]
[BlackElo "2580"]
[WhiteTeam "POL"]
[WhiteClock "0:00:10"]
[BlackClock "0:00:35"]

1. e4 c5 2. Nf3 Nc6 3. d4 cxd4 4. Nxd4 Nf6 5. Nc3 d6 6. Be2 e5 7. Nb3 Be6 8. O-O Be7 9. f4 exf4 10. Bxf4 d5 11. exd5 Nxd5 12. Nxd5 Qxd5 13. Bd3 O-O 14. Qe1 Rad8 15. Rd1 Qh5 16. Qg3 Bf6 17. c3 Rfe8 18. Bc2 Qe2 19. Qf2 Qh5 20. Rde1 a5 21. Nc5 Bc8 22. Ne4 Bh4 23. Bg3 Bxg3 24. Qxg3 Kh8 25. Ng5 f5 26. Rxe8+ Qxe8 27. h4 h6 28. Nf3 Qe3+ 29. Kh1 Qe2 30. Rf2 Qe7 31. Qg6 Rd6 32. Qg3 Rf6 33. Qf4 Qd6 34. Nd4 Nxd4 35. cxd4 Qxf4 36. Rxf4 g6 37. Kh2 Rc6 38. Bb3 Kg7 39. h5 g5 40. Rf2 Kf6 41. Rd2 Bd7 42. d5 Rd6 43. Rd4 b5 44. a4 bxa4 45. Bxa4 Bxa4 46. Rxa4 Rxd5 47. b4 axb4 48. Rxb4 g4 49. Rb8 Kg5 50. Rg8+ Kxh5 51. Rg7 Rd3 52. Rg8 Kh4 53. Rg6 g3+ 0-1

[Event "December 19 Late 2023"]
[Site "https://www.chess.com"]
[Date "2023.12.19"]
[Round "2"]
[White "Titus, Andrew"]
[Black "Nielsen, Viktor Haarmark"]
[Result "1-0"]
[Board "124"]
[TimeControl "180+1"]
[WhiteFideId "2059770"]
[BlackFideId "1444492"]
[WhiteElo "2061"]
[BlackElo "2315"]
[WhiteTeam "USA"]
[BlackTeam "DEN"]
[WhiteClock "0:00:03"]
[BlackClock "0:00:03"]

1. e4 e5 2. Nf3 Nc6 3. Bb5 a6 4. Ba4 Nf6 5. O-O Be7 6. d3 d6 7. c4 O-O 8. h3 h6 9. Nc3 Bd7 10. Be3 Re8 11. a3 Bf8 12. b4 Ne7 13. Bc2 Ng6 14. d4 exd4 15. Nxd4 c6 16. f4 d5 17. cxd5 Nxd5 18. Nxd5 cxd5 19. e5 Nh4 20. g3 Bxh3 21. gxh4 Bxf1 22. Qxf1 Qxh4 23. Qf3 Rac8 24. Bf2 Qd8 25. Bb3 a5 26. Bxd5 axb4 27. axb4 Re7 28. e6 Rc3 29. exf7+ Kh8 30. Qxc3 Qxd5 31. Ra8 Rxf7 32. Qc5 Qxc5 33. bxc5 Kh7 34. Ne6 Be7 35. Rb8 Bf6 36. Rc8 Kg6 37. Rc7 Be7 38. Rxb7 Kf5 39. Nd4+ Kxf4 40. Nc6 g5 41. Nxe7 Kf3 42. c6 g4 43. Bc5 Rf4 44. Rb3+ Ke4 45. Rb4+ 1-0

[Event "December 19 Late 2023"]
[Site "https://www.chess.com"]
[Date "2023.12.19"]
[Round "2"]
[White "Munoz Sanchez, Miguel"]
[Black "Womacka, Mathias"]
[Result "0-1"]
[Board "125"]
[TimeControl "180+1"]
[WhiteFideId "3600734"]
[BlackFideId "4611390"]
[WhiteElo "2124"]
[BlackElo "2376"]
[WhiteTeam "ECU"]
[BlackTeam "GER"]
[WhiteClock "0:00:01"]
[BlackClock "0:00:20"]

1. d4 Nf6 2. Nf3 e6 3. g3 c5 4. c4 cxd4 5. Nxd4 Qc7 6. Nc3 a6 7. Bg2 Qxc4 8. O-O Nc6 9. Nxc6 bxc6 10. Bf4 Qb4 11. Rc1 Be7 12. e4 O-O 13. e5 Nd5 14. Bd2 Qxb2 15. Re1 a5 16. Rc2 Qb8 17. Qh5 Ba6 18. Ne4 Bd3 19. Rcc1 f5 20. exf6 Nxf6 21. Nxf6+ Bxf6 22. Bf4 Qb5 23. Rc5 Qb4 24. Rd1 Bg6 25. Bd2 Bxh5 26. Bxb4 Bxd1 27. Ba3 Rfb8 0-1

[Event "December 19 Late 2023"]
[Site "https://www.chess.com"]
[Date "2023.12.19"]
[Round "2"]
[White "Ward, Ieuan C"]
[Black "Asish Panda"]
[Result "0-1"]
[Board "126"]
[TimeControl "180+1"]
[WhiteFideId "406627"]
[BlackFideId "45012458"]
[WhiteElo "2328"]
[BlackElo "1767"]
[WhiteTeam "ENG"]
[BlackTeam "IND"]
[WhiteClock "0:00:00"]
[BlackClock "0:00:09"]

1. d4 d5 2. c4 e6 3. Nc3 Nf6 4. Bg5 Be7 5. e3 O-O 6. Nf3 Ne4 7. Bxe7 Qxe7 8. cxd5 Nxc3 9. bxc3 exd5 10. Bd3 c6 11. h3 Nd7 12. O-O Nf6 13. Rb1 h6 14. Ne5 Ne4 15. Qc2 f5 16. c4 Qg5 17. f4 Qf6 18. cxd5 cxd5 19. Bxe4 fxe4 20. Qc5 Rd8 21. Rfc1 Qh4 22. Qc7 Bxh3 23. Qf7+ Kh7 24. Qg6+ Kh8 25. Nf7+ Kg8 26. Nxd8 Rxd8 27. gxh3 Qxh3 28. Rb3 Qf3 29. Rc7 Qd1+ 30. Kf2 Qd2+ 31. Kg3 Qe1+ 32. Kg2 Qe2+ 33. Kh3 Qf3+ 34. Qg3 Qh5+ 35. Kg2 Qe2+ 36. Qf2 Qg4+ 37. Kh2 Qh5+ 38. Kg1 Rd6 39. Kf1 Rg6 40. Rb1 Qh1+ 41. Ke2 Qxb1 42. Rc8+ Kh7 43. f5 Qd3+ 44. Ke1 Rb6 45. Rc1 Rf6 46. Qf4 Qa3 47. Qf2 Qa5+ 48. Kf1 Qd8 49. Rc5 Qd7 50. Ke1 Rxf5 51. Qg3 Qf7 52. Qg2 Rf3 0-1

[Event "December 19 Late 2023"]
[Site "https://www.chess.com"]
[Date "2023.12.19"]
[Round "2"]
[White "Wartiovaara, Oliver"]
[Black "Crispin Ferreras, Darvi Abraham"]
[Result "1-0"]
[Board "127"]
[TimeControl "180+1"]
[WhiteFideId "513024"]
[BlackFideId "6402771"]
[WhiteElo "2214"]
[BlackElo "2149"]
[WhiteTeam "FIN"]
[BlackTeam "DOM"]
[WhiteClock "0:00:26"]
[BlackClock "0:00:10"]

1. e4 e6 2. d4 d5 3. e5 c5 4. c3 Qb6 5. Nf3 Bd7 6. Bd3 Bb5 7. dxc5 Bxc5 8. b4 Bf8 9. Be3 Qa6 10. Bxb5+ Qxb5 11. a4 Qd7 12. O-O Nc6 13. Re1 Nge7 14. a5 Nf5 15. Bf4 h6 16. g4 Nfe7 17. Na3 a6 18. Bg3 g5 19. h4 gxh4 20. Bxh4 Ng6 21. Bf6 Rg8 22. Nd4 Be7 23. b5 Nxd4 24. Qxd4 Bxf6 25. exf6 Nh4 26. Re3 h5 27. Rg3 O-O-O 28. bxa6 bxa6 29. Rb1 Rxg4 30. Qb6 Nf3+ 31. Kg2 Rxg3+ 32. fxg3 Ne1+ 33. Kf1 e5 34. Qb8# 1-0

[Event "December 19 Late 2023"]
[Site "https://www.chess.com"]
[Date "2023.12.19"]
[Round "2"]
[White "Prokhorov, Oleksandr"]
[Black "Cattaneo, Marco"]
[Result "1-0"]
[Board "128"]
[TimeControl "180+1"]
[WhiteFideId "14105578"]
[BlackFideId "878332"]
[WhiteElo "1955"]
[BlackElo "2186"]
[WhiteTeam "UKR"]
[BlackTeam "ITA"]
[WhiteClock "0:01:02"]
[BlackClock "0:00:05"]

1. e4 g6 2. h4 h5 3. Nf3 Bg7 4. Bc4 c6 5. Nc3 b5 6. Bb3 a5 7. a4 b4 8. Ne2 d5 9. exd5 cxd5 10. Nf4 Nf6 11. d4 Bg4 12. Qd3 O-O 13. Ne5 Bf5 14. Qe2 Qc7 15. O-O Nc6 16. Nf3 Bg4 17. Be3 e6 18. Nd3 Ne4 19. Rac1 Rab8 20. Bf4 Qd8 21. Bxb8 Nxd4 22. Qe3 Nf5 23. Qf4 Bxf3 24. Bc7 Qxh4 25. Qxh4 Nxh4 26. gxf3 Nxf3+ 27. Kg2 Nfd2 28. Rfe1 Rc8 29. Bf4 Nc4 30. Bxc4 dxc4 31. Rxe4 cxd3 32. cxd3 Rd8 33. Rd1 Bxb2 34. Be5 Ba3 35. Rc4 b3 36. Bf6 Rb8 37. Rb1 Kh7 38. Rc7 g5 39. Bxg5 Kg6 40. Bc1 Bd6 41. Rc3 h4 42. Kh3 Rb4 43. Rbxb3 Rxa4 44. Rc4 Ra2 45. Rg4+ Kf5 46. Rb5+ e5 47. Be3 Ra1 48. Kxh4 Rh1+ 49. Kg3 Rg1+ 50. Kf3 Rxg4 51. Rxa5 Ke6 52. Kxg4 1-0

[Event "December 19 Late 2023"]
[Site "https://www.chess.com"]
[Date "2023.12.19"]
[Round "2"]
[White "Koc, Przemyslaw"]
[Black "Kornyukov, Alexey"]
[Result "0-1"]
[Board "129"]
[TimeControl "180+1"]
[WhiteFideId "1109081"]
[BlackFideId "4150457"]
[WhiteElo "2118"]
[BlackElo "2352"]
[WhiteTeam "POL"]
[BlackTeam "RUS"]
[WhiteClock "0:00:01"]
[BlackClock "0:00:06"]

1. d4 d5 2. Nf3 e6 3. Bg5 Be7 4. Bxe7 Qxe7 5. c3 c5 6. Nbd2 Nc6 7. e3 Nf6 8. Bb5 Bd7 9. O-O O-O 10. Qe2 a6 11. Bd3 e5 12. dxc5 e4 13. b4 exd3 14. Qxd3 Ne5 15. Nxe5 Qxe5 16. a4 Bf5 17. Qd4 Qe6 18. h3 Rfe8 19. Rfe1 Bxh3 20. gxh3 Qxh3 21. Qf4 Ne4 22. Qf3 Qh4 23. Nxe4 dxe4 24. Qf4 Qh5 25. Qh2 Qf5 26. Rad1 Re6 27. Rd6 Rae8 28. Red1 h5 29. Qg3 g6 30. Kh2 Kg7 31. Rd7 Rf6 32. R1d2 Ree6 33. Rxb7 h4 34. Qf4 Qh5 35. Qb8 Qg4 36. Kh1 Rf3 37. Qh2 Rh3 38. Rdd7 Rxh2+ 39. Kxh2 Rf6 40. Rd2 Rf3 0-1

[Event "December 19 Late 2023"]
[Site "https://www.chess.com"]
[Date "2023.12.19"]
[Round "2"]
[White "Hirneise, Jens"]
[Black "Kappeler, Kaspar"]
[Result "1-0"]
[Board "130"]
[TimeControl "180+1"]
[WhiteFideId "24614734"]
[BlackFideId "1309072"]
[WhiteElo "2311"]
[BlackElo "2192"]
[WhiteTeam "GER"]
[BlackTeam "SUI"]
[WhiteClock "0:00:13"]
[BlackClock "0:00:00"]

1. f4 Nf6 2. Nf3 d5 3. g3 g6 4. Bg2 Bg7 5. O-O O-O 6. e3 b6 7. Qe2 Bb7 8. d3 Nbd7 9. Nbd2 Re8 10. Ne5 c5 11. Ndf3 Qc7 12. d4 Ne4 13. c3 a5 14. Rd1 Ba6 15. Qc2 e6 16. Nxd7 Qxd7 17. Ne5 Qb7 18. Bxe4 dxe4 19. a4 Bxe5 20. fxe5 Bd3 21. Qf2 b5 22. Qf4 bxa4 23. Rd2 Qc6 24. Rf2 Ra7 25. h4 h5 26. g4 hxg4 27. h5 Qd7 28. Rh2 Qe7 29. Bd2 g5 30. Qxg4 Kh7 31. Rf2 c4 32. Rf6 Rg8 33. Be1 Rb7 34. Qg2 Qe8 35. Rd1 Qb8 36. Rd2 a3 37. bxa3 Rb1 38. Rxf7+ Kh8 39. Qf2 Qd8 40. Kh2 g4 41. Kg3 Qg5 42. Rf8 Qxh5 43. Qf6+ Kh7 44. Rh2 Qxh2+ 45. Kxh2 Rxe1 46. Qh4+ 1-0

[Event "December 19 Late 2023"]
[Site "https://www.chess.com"]
[Date "2023.12.19"]
[Round "2"]
[White "Shapiro, Daniel"]
[Black "D`Arruda, Ricardo D."]
[Result "0-1"]
[Board "131"]
[TimeControl "180+1"]
[WhiteFideId "2001780"]
[BlackFideId "100692"]
[WhiteElo "2298"]
[BlackElo "2529"]
[WhiteTeam "USA"]
[BlackTeam "ARG"]
[WhiteClock "0:00:00"]
[BlackClock "0:00:45"]

1. d4 Nf6 2. c4 e5 3. dxe5 Ne4 4. a3 Nc6 5. Qc2 d5 6. Nd2 Nxd2 7. Bxd2 Nxe5 8. cxd5 Qxd5 9. O-O-O Qa2 10. e4 Qa1+ 11. Qb1 Qxb1+ 12. Kxb1 Bc5 13. Bf4 f6 14. f3 Be6 15. Bb5+ Kf7 16. Ne2 Rhd8 17. Ba4 Nd3 18. Bxc7 Rdc8 19. Rxd3 Rxc7 20. Rc1 Rac8 21. Rdc3 Bd6 22. Rxc7+ Rxc7 23. Rxc7+ Bxc7 24. Nd4 Bxh2 25. Nxe6 Kxe6 26. Kc2 Ke5 27. Kd3 Kf4 28. Ke2 Kg3 29. Kf1 Kf4 30. Ke2 Bg1 31. Bb3 Bd4 32. Bd5 Bxb2 33. Bxb7 Bxa3 34. Ba6 Kg3 35. Kf1 h5 36. Bb5 g5 37. Bd7 a5 38. Bc6 Bc5 39. Bd7 Bd4 40. Be8 Kh4 41. Ke2 Be5 42. Bd7 Kg3 43. Be8 h4 44. Bd7 Kxg2 45. Bg4 h3 0-1

[Event "December 19 Late 2023"]
[Site "https://www.chess.com"]
[Date "2023.12.19"]
[Round "2"]
[White "Hasanagic, Anel"]
[Black "Gao, Raymond"]
[Result "0-1"]
[Board "132"]
[TimeControl "180+1"]
[WhiteFideId "14605791"]
[BlackFideId "2629429"]
[WhiteElo "2209"]
[BlackElo "1953"]
[WhiteTeam "SLO"]
[BlackTeam "CAN"]
[WhiteClock "0:00:00"]
[BlackClock "0:01:52"]

1. Nf3 Nf6 2. b3 g6 3. Bb2 Bg7 4. d3 O-O 5. g3 d6 6. Bg2 e5 7. O-O a5 8. a4 Nc6 9. Nc3 Bg4 10. h3 Bf5 11. e4 Be6 12. Ng5 Bd7 13. f4 Qc8 14. Kh2 h6 15. Nf3 Nb4 16. Ne2 exf4 17. gxf4 d5 18. e5 Nh5 19. c3 Na6 20. Nd2 Bf5 21. Rf3 Nc5 22. Nf1 c6 23. Nfg3 Nxg3 24. Nxg3 Re8 25. Ba3 b6 26. Nxf5 Qxf5 27. d4 Ne4 28. Rc1 h5 29. Qe1 Bh6 30. Qe3 c5 31. Rcf1 Rac8 32. dxc5 bxc5 33. Qd3 Red8 0-1

[Event "December 19 Late 2023"]
[Site "https://www.chess.com"]
[Date "2023.12.19"]
[Round "2"]
[White "Cardozo Munar, Carlos Eduardo"]
[Black "Rees, Ioan"]
[Result "0-1"]
[Board "133"]
[TimeControl "180+1"]
[WhiteFideId "4409477"]
[BlackFideId "1801236"]
[WhiteElo "2067"]
[BlackElo "2270"]
[WhiteTeam "COL"]
[BlackTeam "WLS"]
[WhiteClock "0:00:00"]
[BlackClock "0:01:14"]

1. e4 c6 2. Nf3 d5 3. Nc3 dxe4 4. Nxe4 Nf6 5. Nxf6+ exf6 6. d4 Bd6 7. c3 O-O 8. Be2 Re8 9. O-O Nd7 10. Re1 Nf8 11. h3 Ng6 12. Bd3 Bc7 13. Bd2 a5 14. a4 Be6 15. Qc2 Qd6 16. g3 Bxh3 17. Rxe8+ Rxe8 18. Re1 Rxe1+ 19. Nxe1 Nf8 20. Bf4 Qd7 21. Bxc7 Qxc7 22. Be4 h5 23. Nd3 Ne6 24. d5 Ng5 25. Bg2 cxd5 26. Bxd5 b6 27. Nf4 Bg4 28. Qd3 Qd7 29. Qb5 Qxb5 30. axb5 Kf8 31. Kg2 Ke7 32. f3 Be6 33. Bxe6 fxe6 34. Nxh5 Kf7 35. Nf4 Ke7 36. Kf2 Nf7 37. b3 Nd6 38. c4 Nb7 39. Nd3 Kd6 40. Ke3 Nc5 41. Nc1 e5 42. Kd2 f5 43. Kc3 e4 44. fxe4 Nxe4+ 45. Kd4 Nxg3 46. Ke3 g5 47. Nd3 Ne4 48. b4 a4 49. Kd4 a3 50. c5+ bxc5+ 51. bxc5+ Kc7 52. b6+ Kc6 53. Nb4+ Kb7 54. Kc4 g4 55. Kb5 Nc3+ 56. Ka5 a2 57. c6+ Kb8 58. Nc2 Nd5 59. Ka6 g3 60. b7 g2 0-1

[Event "December 19 Late 2023"]
[Site "https://www.chess.com"]
[Date "2023.12.19"]
[Round "2"]
[White "Molenda, Marcin"]
[Black "Khokhlova, Daria"]
[Result "1-0"]
[Board "134"]
[TimeControl "180+1"]
[WhiteFideId "1173065"]
[BlackFideId "24182729"]
[WhiteElo "2286"]
[BlackElo "2032"]
[WhiteTeam "POL"]
[BlackTeam "FID"]
[WhiteClock "0:01:55"]
[BlackClock "0:01:19"]

1. Nf3 c5 2. c4 Nc6 3. Nc3 e6 4. d4 cxd4 5. Nxd4 Nf6 6. g3 Bb4 7. Bg2 O-O 8. O-O Bxc3 9. bxc3 d6 10. Nxc6 bxc6 11. Bxc6 Rb8 12. Ba3 Rb6 13. Bg2 Qc7 14. Rb1 Rd8 15. Rxb6 Qxb6 16. Qb3 Ba6 17. Rd1 Qc7 18. Qb4 Ne8 19. c5 dxc5 20. Rxd8 Qxd8 21. Qxc5 h6 22. Bf3 Nc7 23. Qxa7 Bc4 24. Bc5 Qd1+ 25. Kg2 Nb5 26. Qa8+ Kh7 27. Qe4+ 1-0